 Dungeon Crawl Stone Soup version 0.31.0-9-g3a7656b989 (webtiles) character file.

Game seed: 9210582244450906567

51 qw the Shooter (level 3, -10/20 HPs)
             Began as a Deep Elf Hunter on Feb 2, 2024.
             Mangled by a gnoll
             ... wielding a +0 halberd
              (12 damage)
             ... on level 2 of the Dungeon.
             The game lasted 00:00:21 (1111 turns).

qw the Shooter (Deep Elf Hunter)                    Turns: 1111, Time: 00:00:21

Health: -10/20     AC:  4    Str: 10    XL:     3   Next: 58%
Magic:  5/5        EV: 12    Int: 13    God:
Gold:   56         SH:  0    Dex: 18    Spells: 2/2 levels left

rFire   . . .        a - +0 shortbow
rCold   . . .        (shield currently unavailable)
rNeg    . . .        c - +0 leather armour
rPois   .            e - +0 helmet
rElec   .            (no cloak)
rCorr   .            (no gloves)
SInv    +            (no boots)
Will    .....        (no amulet)
Stlth   ++           j - ring of see invisible
HPRegen 0.23/turn    (no ring)
MPRegen 0.09/turn

%: no passive effects
@: no status effects
A: no striking features
a: no special abilities


You were on level 2 of the Dungeon.
You visited 1 branch of the dungeon, and saw 2 of its levels.

You collected 56 gold pieces.


   Skills:
 - Level 1.5 Fighting
 + Level 7.1 Ranged Weapons
 - Level 2.4 Dodging
 - Level 1.2 Stealth


You had 2 spell levels left.
You didn't know any spells.
Your spell library was empty.

Inventory:

Hand Weapons
 a - a +0 shortbow (weapon)
Armour
 c - a +0 leather armour (worn)
 e - a +0 helmet (worn)
Jewellery
 j - a ring of see invisible (left hand)
Scrolls
 b - 2 scrolls of fog {unknown}
 g - a scroll of torment {unknown}
 k - a scroll of identify
Potions
 d - 2 potions of haste
 f - a potion of cancellation
 h - a potion of attraction {unknown}
 i - a potion of mutation {unknown}

Dungeon Overview and Level Annotations

Branches:
Dungeon (2/15)

Altars:


Message History

The endoplasm freezes you.
You are frozen.
You shoot an arrow. The arrow hits the endoplasm.
The endoplasm is moderately wounded.
The endoplasm barely misses you.
You shoot an arrow. The arrow hits the endoplasm.
You kill the endoplasm!
You start resting.
HP restored.
A giant cockroach comes into view.
You shoot an arrow. The arrow hits the giant cockroach.
You kill the giant cockroach!
Found 9 stones.
You open the door.
A dart slug and 2 gnolls come into view.
The gnoll shouts! x2
A gnoll comes into view. It is wielding a +0 club.
Enter note:
Enter note: You shoot an arrow.
The gnoll shouts!
The arrow hits the gnoll!
The gnoll is severely wounded.
You shoot an arrow. The arrow hits the gnoll.
You kill the gnoll!
A giant cockroach comes into view.
Your Ranged Weapons skill increases to level 7!
You shoot an arrow.
The arrow hits the gnoll but does no damage.
You shoot an arrow. The arrow hits the gnoll.
The gnoll is heavily wounded.
The gnoll hits you from afar with a +0 halberd!
Ouch! That really hurt!
You shoot an arrow. The arrow closely misses the gnoll.
The gnoll hits you from afar with a +0 halberd.
You shoot an arrow. The arrow completely misses the gnoll.
The arrow hits the giant cockroach but does no damage.
The gnoll hits you from afar with a +0 halberd!
Ouch! That really hurt!
You die...

#.........#
+.........+
......... ...)...
.wB.. ..g #g# #@#
##.#### #####.....#
.....(...#.#
#####......########
#.................
#.###..#..########
# #.....# #.....#


You could see 2 gnolls, a dart slug and a giant cockroach.

Vanquished Creatures
  A gnoll (D:2)
  An adder (D:2)
  A dart slug (D:2)
  2 bats
  3 endoplasms
  2 giant cockroaches (D:2)
  4 goblins
  A hobgoblin (D:1)
  4 jackals
  2 quokkas (D:1)
  A ball python (D:1)
  A frilled lizard (D:1)
  5 kobolds
  A rat (D:2)
29 creatures vanquished.

Notes
Turn   | Place    | Note
-------+----------+-------------------------------------------
     0 | D:1      | qw the Deep Elf Hunter began the quest for the Orb.
     0 | D:1      | Reached XP level 1. HP: 12/12 MP: 3/3
     0 | D:1      | 0 ||| qw: Version: 0.3-a-155-g5e7d8dd
     0 | D:1      | 0 ||| qw: Game counter: 2881
     0 | D:1      | 0 ||| qw: Melee chars always use a shield: true
     0 | D:1      | 0 ||| qw: God list: Okawaru
     0 | D:1      | 0 ||| qw: Allow faded altars: false
     0 | D:1      | 0 ||| qw: Do Orc after clearing Dungeon:15 true
     0 | D:1      | 0 ||| qw: Do second Lair branch before Depths: true
     0 | D:1      | 0 ||| qw: Lair rune preference: random
     0 | D:1      | 0 ||| qw: Goals: Normal
     0 | D:1      | 0 ||| PLANNING D:1-11
   100 | D:1      | Reached XP level 2. HP: 16/16 MP: 4/4
   126 | D:1      | Reached skill level 6 in Ranged Weapons
   702 | D:1      | 702 ||| UPGRADING to +0 helmet.
   707 | D:1      | 707 ||| UPGRADING to ring of see invisible.
   708 | D:1      | 708 ||| READING scroll labelled CIJ XIOSMIURRU.
   713 | D:1      | 713 ||| READING scroll labelled PUUJEP NISO.
   714 | D:1      | 714 ||| READING scroll labelled GEWAXY PAECOE.
   714 | D:1      | 714 ||| IDENTIFYING golden potion
   715 | D:1      | 715 ||| DRINKING 3 cyan potions.
   716 | D:1      | 716 ||| DROPPING scroll of butterflies.
   989 | D:2      | Reached XP level 3. HP: 18/20 MP: 5/5
   999 | D:2      | Identified the +7 chain mail of the Stonemason {rC++ Will-
                  | SInv Stlth+}
  1108 | D:2      | Reached skill level 7 in Ranged Weapons
  1110 | D:2      | HP: 1/20 [gnoll/+0 halberd (6)]
  1111 | D:2      | Mangled by a gnoll

Levels and vault maps discovered:
D:1:      grunt_arrival_lava_bath, layout_basic
D:2:      layout_loops_corners

Skill      XL: |  1  2  3 |
---------------+----------+-----
Ranged Weapons | 6 7 |  7.1
Fighting       | |  1.5
Dodging        | |  2.4
Stealth        | |  1.2

Action                     || total
---------------------------++-------
   Fire: Shortbow          ||    94
    Use: Scroll            ||     3
         Potion            ||     1
 Armour: Leather armour    ||    25
  Dodge: Dodged            ||    18

Table legend:
 A = Non-vault XP
 B = Vault XP
 C = Vault XP percentage of total XP
 D = Non-vault monster count
 E = Vault monster count
 F = Vault count percentage of total count
                 A         B        C        D         E       F
            +---------+---------+-------+---------+---------+-------
      Total |      74 |       0 |   0.0 |      29 |       0 |   0.0
            +---------+---------+-------+---------+---------+-------
        D:1 |      27 |       0 |   0.0 |      16 |       0 |   0.0
        D:2 |      47 |       0 |   0.0 |      13 |       0 |   0.0
            +---------+---------+-------+---------+---------+-------
